 Dungeon Crawl Stone Soup version 0.28-a0-1117-g0bdd5ba030 (webtiles) character file.

Game seed: 11356931093981230190

0 SensoryNuts the Slasher (level 1, 0/16 HPs)
             Began as a Demonspawn Gladiator on Dec 11, 2021.
             Slain by an endoplasm (1 damage)
             ... on level 1 of the Dungeon.
             The game lasted 00:00:08 (27 turns).

SensoryNuts the Slasher (Demonspawn Gladiator)        Turns: 27, Time: 00:00:08

Health: 0/16       AC:  4    Str: 14    XL:     1   Next: 8%
Magic:  1/1        EV: 12    Int:  9    God:
Gold:   0          SH:  0    Dex: 14    Spells: 0/0 levels left

rFire   . . .      SeeInvis .   a - +0 long sword
rCold   . . .      Faith    .   (no shield)
rNeg    . . .      Spirit   .   b - +0 leather armour
rPois   .          Reflect  .   c - +0 helmet
rElec   .          Harm     .   (no cloak)
rCorr   .          Rampage  .   (no gloves)
Will    .....                   (no boots)
Stlth   +.........              (no amulet)
HPRegen 0.05/turn               (no ring)
MPRegen 0.07/turn               (no ring)

@: no status effects
A: no striking features
a: no special abilities


You were on level 1 of the Dungeon.
You visited 1 branch of the dungeon, and saw 1 of its levels.

Inventory:

Hand Weapons
 a - a +0 long sword (weapon)
Missiles
 d - 3 throwing nets (quivered)
Armour
 b - a +0 leather armour (worn)
 c - a +0 helmet (worn)


   Skills:
 + Level 2.0 Fighting
 + Level 2.7 Long Blades
 + Level 1.7 Throwing
 + Level 2.6 Dodging


You couldn't memorise any spells.
You didn't know any spells.
Your spell library was empty.

Dungeon Overview and Level Annotations

Branches:
Dungeon (1/15)

Altars:


Message History

You slash the plant!
The plant is lightly damaged.
A nearby plant withers and dies.
You slash the plant!
The plant is lightly damaged.
A nearby plant withers and dies. x2
A nearby plant withers and dies.
The endoplasm freezes you.
You are frozen.
The ball python bites you. The ball python barely misses you.
You closely miss the ball python. The endoplasm hits you.
The ball python bites you but does no damage.
The ball python misses you. The endoplasm freezes you.
You are frozen.
The hobgoblin hits the plant.
The plant begins to die.
The ball python closely misses you. The ball python barely misses you.
You hit the ball python.
The ball python is moderately wounded.
The ball python barely misses you. The ball python closely misses you.
The endoplasm barely misses you.
The hobgoblin hits the plant.
The plant begins to die.
You hit the ball python.
The ball python is severely wounded.
The ball python completely misses you. The ball python barely misses you.
The endoplasm freezes you.
You are frozen.
The hobgoblin hits the plant.
The ball python bites you.
* * * LOW HITPOINT WARNING * * *
The ball python closely misses you.
You hit the ball python.
You kill the ball python!
A nearby plant withers and dies.
The endoplasm freezes you.
You are frozen.
* * * LOW HITPOINT WARNING * * *
The endoplasm hits you.
* * * LOW HITPOINT WARNING * * *
You hit the hobgoblin.
You kill the hobgoblin!
The endoplasm hits you.
You die... .. . #.# .# #..########?# PP.PPPPPPPP.#

.....PPPPPP.####
PPPPP...PPP.....
P...PPP†PPP.....
.PPP.PP@.PP.....
P.PP.PP.PJ.PP.....
P.P.PP.P.PP.P.P......
P.P.P.PPP.P.P........
P.P.PP.P.PP.P.PP.....
P.PP.PP.PP.P..PP.....
PP.PP.PPP.PP...P.....


PP.PPP...PPP.PPP..... PPP..PPPPP..PPPP..... You could see an endoplasm.

Vanquished Creatures
  A hobgoblin (D:1)
  A ball python (D:1)
2 creatures vanquished.

Vanquished Creatures (others)
  9 plants (D:1)
9 creatures vanquished.

Grand Total: 11 creatures vanquished

Notes
Turn   | Place    | Note
-------+----------+-------------------------------------------
     0 | D:1      | SensoryNuts the Demonspawn Gladiator began the quest for
                  | the Orb.
     0 | D:1      | Reached XP level 1. HP: 16/16 MP: 1/1
    27 | D:1      | Slain by an endoplasm

Illustrated notes

Levels and vault maps discovered:
D:1:      roderic_crop_circles_arrival_small, layout_basic,
          chequers_serial_rivers_small_a, serial_park_tiny_1

Action                   || total
-------------------------++-------
Melee: Long sword        ||    14
Armor: Leather armour    ||     1
Dodge: Dodged            ||    10

Table legend: (Time is in decaauts)
 A = Elapsed time spent in this place.
 B = Non-inter-level travel time spent in this place.
 C = Inter-level travel time spent in this place.
 D = Time resting spent in this place.
 E = Time spent auto-exploring this place.
 F = Levels seen in this place.
 G = Mean time per level.
                   A        B        C        D        E       F      G
               +--------+--------+--------+--------+--------+-----+--------+
         Total |     30 |     30 |      0 |      0 |      4 |   1 |   30.0 |
       Dungeon |     30 |     30 |      0 |      0 |      4 |   1 |   30.0 |
               +--------+--------+--------+--------+--------+-----+--------+

Top non-repeatable levels by time:
     D:1: 30 daAuts
